[Event "27th Seacost Trophy 2017"]
[Site "Eforie Nord"]
[Date "2017.06.24"]
[Round "6"]
[White "Peptan, Corina-Isabela"]
[Black "Antonica, Dragos-Andrei"]
[Result "1-0"]
[ECO "E14"]
[WhiteElo "2403"]
[BlackElo "2133"]
[Annotator "NA"]
[PlyCount "89"]
[EventDate "2017.??.??"]
[EventType "swiss"]
[EventCountry "ROU"]
[SourceTitle "playchess.com"]
[Source "ChessBase"]
[SourceQuality "1"]
[TimeControl "5400+30"]

1. d4 e6 2. c4 Nf6 3. Nf3 b6 4. e3 Bb7 5. Nc3 Bb4 6. Bd2 c5 7. a3 cxd4 8. axb4 dxc3 9. Bxc3 O-O 10. Qd4 Nc6 11. Qh4 Ne8 12. b5 Qxh4 13. Nxh4 Ne7 14. Bb4 d6 15. Be2 f5 16. Bf3 Bxf3 17. Nxf3 Rc8 18. b3 Rc7 19. Ke2 Nc8 20. Rhd1 e5 21. Ne1 g5 22. f4 gxf4 23. exf4 exf4 24. Bd2 Nf6 25. Bxf4 Ne4 26. Kf1 Re7 27. Nf3 Rfe8 28. Rd5 Rg7 29. Rdd1 Rge7 30. g3 Nc5 31. Nd4 Re4 32. Rab1 Ne6 33. Nxe6 R8xe6 34. Rd2 Ne7 35. Bxd6 Ng6 36. Rbd1 Re3 37. b4 Ne5 38. Bxe5 R6xe5 39. Rd7 Re2 40. Rxa7 Re7 41. Rxe7 Rxe7 42. c5 Re5 43. c6 Re8 44. c7 Kf7 45. Rd8 1-0

[Event "27th Seacost Trophy 2017"]
[Site "Eforie Nord"]
[Date "2017.06.24"]
[Round "6"]
[White "Soltanici, Ruslan"]
[Black "Olinici, Ecaterina"]
[Result "1-0"]
[ECO "C78"]
[WhiteElo "2393"]
[BlackElo "1437"]
[Annotator "NA"]
[PlyCount "71"]
[EventDate "2017.??.??"]
[EventType "swiss"]
[EventCountry "ROU"]
[SourceTitle "playchess.com"]
[Source "ChessBase"]
[SourceQuality "1"]
[TimeControl "5400+30"]

1. e4 e5 2. Nf3 Nc6 3. Bb5 a6 4. Ba4 Nf6 5. O-O b5 6. Bb3 Bc5 7. c3 d6 8. a4 Rb8 9. d4 Bb6 10. a5 Ba7 11. Be3 exd4 12. cxd4 O-O 13. h3 h6 14. Re1 Re8 15. d5 Bxe3 16. Rxe3 Ne7 17. Nc3 Bb7 18. Nd4 b4 19. Nce2 c5 20. Nf3 Ng6 21. Ng3 Bc8 22. Bc4 Ra8 23. Nd2 Nd7 24. Bf1 Nde5 25. Nh5 Qg5 26. Be2 Qh4 27. Qf1 Nf4 28. Nxf4 Qxf4 29. g3 Qf6 30. f4 Ng6 31. Nc4 Ra7 32. Bg4 Bxg4 33. hxg4 Rae7 34. Rae1 Qd4 35. Nxd6 Rd8 36. Nf5 1-0

[Event "27th Seacost Trophy 2017"]
[Site "Eforie Nord"]
[Date "2017.06.24"]
[Round "6"]
[White "Ileana, George"]
[Black "Bonte, Andrei-Mihai"]
[Result "1/2-1/2"]
[ECO "C74"]
[WhiteElo "2212"]
[BlackElo "2310"]
[Annotator "NA"]
[PlyCount "123"]
[EventDate "2017.??.??"]
[EventType "swiss"]
[EventCountry "ROU"]
[SourceTitle "playchess.com"]
[Source "ChessBase"]
[SourceQuality "1"]
[TimeControl "5400+30"]

1. e4 e5 2. Nf3 Nc6 3. Bb5 a6 4. Ba4 d6 5. c3 Nf6 6. d3 Be7 7. O-O O-O 8. Re1 b5 9. Bc2 h6 10. Nbd2 Re8 11. Nf1 Bf8 12. Ng3 Bb7 13. h3 Nb8 14. Nh2 d5 15. Ng4 dxe4 16. dxe4 Nbd7 17. Nxf6+ Nxf6 18. Qxd8 Raxd8 19. Be3 Nd7 20. Red1 Nc5 21. b3 a5 22. f3 b4 23. cxb4 axb4 24. Rac1 Ne6 25. Bd3 c5 26. Bb5 Rxd1+ 27. Rxd1 Ra8 28. Rd2 Nd4 29. Bxd4 cxd4 30. Kf1 Rc8 31. Bc4 g6 32. Ke2 Kg7 33. Kd3 Be7 34. Rc2 Bh4 35. Ne2 f5 36. Bd5 Rxc2 37. Kxc2 Bxd5 38. exd5 Bf2 39. Kd3 Kf6 40. Kc4 g5 41. g4 Be1 42. gxf5 Kxf5 43. Kd3 h5 44. d6 Ke6 45. d7 Kxd7 46. Nc1 Ke6 47. Ke4 Bd2 48. Nd3 Kf6 49. Nxe5 Bc3 50. Nc4 Ke6 51. a4 bxa3 52. Nxa3 Kd6 53. Nb1 Kc5 54. Kd3 Bb4 55. Nd2 Kd5 56. Ne4 Ke5 57. Nxg5 Kf4 58. Ne6+ Kxf3 59. Ng7 h4 60. Nf5 Be1 61. Kxd4 Kg2 62. Nxh4+ 1/2-1/2

[Event "27th Seacost Trophy 2017"]
[Site "Eforie Nord"]
[Date "2017.06.24"]
[Round "6"]
[White "Ceres, Dragos"]
[Black "Petre, Nad-Titus"]
[Result "1/2-1/2"]
[ECO "C41"]
[WhiteElo "2002"]
[BlackElo "2334"]
[Annotator "NA"]
[PlyCount "38"]
[EventDate "2017.??.??"]
[EventType "swiss"]
[EventCountry "ROU"]
[SourceTitle "playchess.com"]
[Source "ChessBase"]
[SourceQuality "1"]
[TimeControl "5400+30"]

1. e4 e5 2. Nf3 d6 3. d4 exd4 4. Nxd4 Nf6 5. Nc3 Be7 6. Be2 O-O 7. O-O Re8 8. f4 Bf8 9. Bf3 c5 10. Nb3 Nc6 11. Kh1 a5 12. a4 Be6 13. Nd5 g6 14. c3 Bg7 15. Nd2 Bxd5 16. exd5 Ne7 17. Nc4 Nf5 18. Bd2 Nh4 19. Re1 Qc7 1/2-1/2

[Event "27th Seacost Trophy 2017"]
[Site "Eforie Nord"]
[Date "2017.06.25"]
[Round "7"]
[White "Bonte, Andrei-Mihai"]
[Black "Martinovici, Ilie"]
[Result "1-0"]
[ECO "D60"]
[WhiteElo "2310"]
[BlackElo "2097"]
[Annotator "NA"]
[PlyCount "51"]
[EventDate "2017.??.??"]
[EventType "swiss"]
[EventCountry "ROU"]
[SourceTitle "playchess.com"]
[Source "ChessBase"]
[SourceQuality "1"]
[TimeControl "5400+30"]

1. c4 Nf6 2. Nc3 e6 3. Nf3 d5 4. d4 Be7 5. Bg5 O-O 6. e3 Nbd7 7. Bd3 dxc4 8. Bxc4 c5 9. O-O a6 10. a4 cxd4 11. exd4 Nb6 12. Bb3 Nbd5 13. Qe2 Nxc3 14. bxc3 b6 15. Ne5 Bb7 16. Nxf7 Rxf7 17. Bxe6 Bd5 18. Bxf7+ Bxf7 19. Rfe1 Ra7 20. Rab1 Nd5 21. Bxe7 Rxe7 22. Qxa6 Rxe1+ 23. Rxe1 Nxc3 24. Rc1 Qe8 25. Kf1 Qc6 26. Rxc3 1-0

[Event "27th Seacost Trophy 2017"]
[Site "Eforie Nord"]
[Date "2017.06.25"]
[Round "7"]
[White "Schitco, Ivan"]
[Black "Ceres, Dragos"]
[Result "1/2-1/2"]
[ECO "A20"]
[WhiteElo "2091"]
[BlackElo "2002"]
[Annotator "NA"]
[PlyCount "59"]
[EventDate "2017.??.??"]
[EventType "swiss"]
[EventCountry "ROU"]
[SourceTitle "playchess.com"]
[Source "ChessBase"]
[SourceQuality "1"]
[TimeControl "5400+30"]

1. c4 e5 2. g3 Nf6 3. Bg2 Bc5 4. Nc3 c6 5. Qb3 O-O 6. e3 Re8 7. d3 Na6 8. Nge2 Bf8 9. O-O Nc7 10. e4 Ne6 11. h3 Bc5 12. Na4 Nd4 13. Qd1 Nxe2+ 14. Qxe2 Bd4 15. Nc3 d5 16. cxd5 cxd5 17. exd5 Bxc3 18. bxc3 Nxd5 19. Bd2 Nf6 20. Rfd1 Rb8 21. c4 Qc7 22. Bg5 Be6 23. Bxf6 gxf6 24. Qh5 Kg7 25. d4 exd4 26. Rxd4 Qe5 27. Qh4 Rbd8 28. Bd5 Bxd5 29. cxd5 Rxd5 30. Qg4+ 1/2-1/2

[Event "27th Seacost Trophy 2017"]
[Site "Eforie Nord"]
[Date "2017.06.25"]
[Round "7"]
[White "Vasiliu, Cosmin"]
[Black "Soltanici, Ruslan"]
[Result "1/2-1/2"]
[ECO "B23"]
[WhiteElo "2016"]
[BlackElo "2393"]
[Annotator "NA"]
[PlyCount "53"]
[EventDate "2017.??.??"]
[EventType "swiss"]
[EventCountry "ROU"]
[SourceTitle "playchess.com"]
[Source "ChessBase"]
[SourceQuality "1"]
[TimeControl "5400+30"]

1. e4 c5 2. Nc3 a6 3. a4 e6 4. g3 Nc6 5. Bg2 g6 6. Nf3 Bg7 7. O-O Nge7 8. Re1 d6 9. Ne2 e5 10. c3 Qb6 11. d4 cxd4 12. cxd4 exd4 13. Bf4 O-O 14. Bxd6 Rd8 15. a5 Qxb2 16. e5 Nf5 17. Rb1 Qa2 18. Ra1 Qc4 19. Ra4 Nxd6 20. Rxc4 Nxc4 21. Qa4 N6xa5 22. Nexd4 b5 23. Qa2 Ra7 24. Bf1 Rad7 25. Bh3 Rxd4 26. Bxc8 Rd3 27. Qe2 1/2-1/2

[Event "27th Seacost Trophy 2017"]
[Site "Eforie Nord"]
[Date "2017.06.28"]
[Round "10"]
[White "Peptan, Corina-Isabela"]
[Black "Mihailov, Iulian"]
[Result "1/2-1/2"]
[ECO "E16"]
[WhiteElo "2403"]
[BlackElo "2054"]
[Annotator "NA"]
[PlyCount "87"]
[EventDate "2017.??.??"]
[EventType "swiss"]
[EventCountry "ROU"]
[SourceTitle "playchess.com"]
[Source "ChessBase"]
[SourceQuality "1"]
[TimeControl "5400+30"]

1. d4 Nf6 2. c4 e6 3. Nf3 Bb4+ 4. Bd2 Qe7 5. g3 Nc6 6. Bg2 Bxd2+ 7. Nbxd2 d6 8. O-O O-O 9. e4 e5 10. d5 Nb8 11. b4 a5 12. a3 Na6 13. Qb3 Bd7 {[%emt 0:03:08] E11: Bogo-Indian} 14. Rfc1 axb4 (14... Rfb8 15. Ne1 axb4 16. axb4 c5 17. dxc6 bxc6 18. Nc2 Nc7 19. Rxa8 Rxa8 20. Ne3 g6 21. Qd3 {½-½ (52) Beliavsky,A (2654)-Hertneck,G (2541) Saint Vincent 2000}) 15. axb4 c5 16. dxc6 (16. b5 $5 Nb4 17. Ne1 $11) 16... bxc6 17. Qc3 Rfe8 $146 ({Predecessor:} 17... c5 18. b5 Nb4 19. Rcb1 Be6 20. Ne1 Nd7 21. Nf1 {1-0 (39) Llorente Zaro,A (2367)-Villuendas Valero,A (2170) Zaragoza 2006}) 18. Bf1 c5 19. b5 Nb4 20. Rxa8 Rxa8 21. Ra1 Qd8 22. Ne1 Be6 23. Nd3 Nxd3 24. Bxd3 Nd7 25. Nb3 Rxa1+ 26. Qxa1 Nb6 27. Qa5 Qb8 28. Nd2 f6 29. h4 Kf8 30. Kh2 Ke7 31. Bf1 Kd8 32. Bh3 Bf7 $11 33. Bf1 Kc7 34. Be2 Qa8 35. Qc3 Qa4 36. Kg2 Qb4 37. Qd3 Na4 38. Qc2 Nb6 39. Bd3 Qa4 40. Qc1 Qa2 41. Qc3 Qa4 42. Qc1 Qa2 43. Qc3 Qa4 44. Qc1 1/2-1/2

[Event "27th Seacost Trophy 2017"]
[Site "Eforie Nord"]
[Date "2017.06.28"]
[Round "10"]
[White "Dragomirescu, Angela"]
[Black "Vasiliu, Cosmin"]
[Result "1-0"]
[ECO "A05"]
[WhiteElo "2228"]
[BlackElo "2016"]
[Annotator "NA"]
[PlyCount "97"]
[EventDate "2017.??.??"]
[EventType "swiss"]
[EventCountry "ROU"]
[SourceTitle "playchess.com"]
[Source "ChessBase"]
[SourceQuality "1"]
[TimeControl "5400+30"]

1. Nf3 Nf6 2. g3 g6 3. b3 Bg7 4. Bb2 O-O 5. c4 c6 6. Bg2 d5 7. O-O Bg4 8. h3 Bxf3 9. Bxf3 Nbd7 10. Qc2 e5 11. d3 (11. d4 $5 ) 11... Rc8 12. Nd2 Re8 13. Rac1 $146 {[%emt 0:03:33] A11: English Opening: 1...c6} ({Predecessor:} 13. Rab1 Qe7 14. Rfd1 Qe6 15. Bg2 Nh5 16. Rdc1 d4 17. c5 Bf8 18. b4 Nhf6 19. Re1 Nd5 20. Qb3 a5 21. a3 axb4 22. axb4 b6 23. Bxd5 {½-½ (23) Miles,A (2375)-Cafferty,B (2355) Birmingham 1974}) 13... h5 14. Bg2 Nb6 15. b4 dxc4 16. Nxc4 Nxc4 17. Qxc4 Nd7 18. b5 Nb8 19. Qb3 Qd7 20. a4 Qe6 (20... a6 $14) 21. Qxe6 Rxe6 22. Rc2 a6 $16 23. Rb1 axb5 24. axb5 Rd8 25. Bc1 cxb5 26. Bxb7 Rb6 27. Bf3 b4 28. Bg5 f6 29. Be3 Rb5 30. Rb3 Bf8 31. Be4 f5 32. Bg2 Bd6 33. f4 Re8 34. Kf2 h4 35. gxh4 exf4 36. Bd4 Be7 37. h5 gxh5 38. Bf3 Rd8 39. Ba7 Na6 40. d4 Rd7 41. Bc6 Rc7 42. Bxb5 Rxc2 43. Bxa6 Kg7 44. Bd3 Rc1 45. Rb1 Rc3 46. Bc5 Bxc5 47. dxc5 Rxc5 48. Rxb4 Kf6 49. Rb5 1-0

[Event "27th Seacost Trophy 2017"]
[Site "Eforie Nord"]
[Date "2017.06.28"]
[Round "10"]
[White "Calin, Alexandru"]
[Black "Itkis, Boris"]
[Result "1-0"]
[ECO "A45"]
[WhiteElo "2081"]
[BlackElo "2371"]
[Annotator "NA"]
[PlyCount "96"]
[EventDate "2017.??.??"]
[EventType "swiss"]
[EventCountry "ROU"]
[SourceTitle "playchess.com"]
[Source "ChessBase"]
[SourceQuality "1"]
[TimeControl "5400+30"]

1. d4 Nf6 2. Bg5 e6 3. e4 c5 4. d5 h6 {[%emt 0:07:56] A45: Trompowsky Attack} 5. Bxf6 Qxf6 6. Nc3 a6 7. Nf3 d6 (7... e5 8. a4 d6 9. Be2 g6 10. O-O Bg7 11. Nd2 O-O 12. Nc4 {½-½ (38) Kanep,M (2485)-Piorun,K (2657) Tallinn 2016}) 8. a4 Nd7 9. Be2 {[%emt 0:02:45] LiveBook: 7 Games} Qd8 $146 ({Predecessor:} 9... Be7 $14 10. O-O O-O 11. Ra3 Rd8 12. Nd2 {½-½ (60) Naoum,S (2283)-Kelires,A (2464) Achaea 2016}) 10. dxe6 fxe6 11. Nd2 g6 12. O-O Be7 13. Bc4 Ne5 14. f4 Nxc4 15. Nxc4 O-O 16. Qd3 Kg7 (16... Kh7 $16 17. Rad1 b5) 17. Rad1 Bf6 18. Ne2 $2 (18. e5 $18 {is the precise move to win.} dxe5 19. Qh3 (19. Nxe5 Qxd3 20. Rxd3 b5 $16) (19. fxe5 Be7 $18)) 18... d5 19. Ne5 Qe8 20. exd5 exd5 21. Qxd5 Qe7 22. Ng3 Bxe5 23. Rde1 Qd6 24. Qxe5+ Qxe5 25. Rxe5 Bd7 26. a5 Bb5 27. Re7+ Rf7 28. Rfe1 Bc6 29. f5 Rd8 30. fxg6 $16 Rxe7 31. Rxe7+ Kxg6 32. Kf2 Rd4 33. Re5 Rd2+ 34. Re2 Rd4 35. Re6+ Kf7 36. Re5 Rd2+ 37. Re2 Rd4 38. b3 Rb4 39. Ke1 c4 40. Rf2+ Kg6 41. Rf4 Bxg2 42. Rg4+ Kf7 43. Nf5 Bd5 44. Rd4 Be6 45. Nd6+ Ke7 46. Nxc4 Rb5 47. Kd2 Rg5 48. h4 Rg3 1-0